 Dungeon Crawl Stone Soup version 0.30-a0-723-gc1506a1cf0 (webtiles) character file.

Game seed: 7862817386083396605

6 omnomnOMINOUS the Shield-Bearer (level 1, -2/12 HPs)
             Began as an Octopode Wanderer on Jan 29, 2023.
             Frozen to death by an endoplasm (5 damage)
             ... on level 1 of the Dungeon.
             The game lasted 00:00:32 (110 turns).

omnomnOMINOUS the Shield-Bearer (Octopode Wanderer)  Turns: 110, Time: 00:00:33

Health: -2/12      AC:  4    Str:  9    XL:     1   Next: 90%
Magic:  2/2        EV: 12    Int: 12    God:
Gold:   3          SH:  5    Dex: 15    Spells: 2/2 levels left

rFire   . . .      SeeInvis .    a - +0 dagger
rCold   . . .      Faith    .    e - +0 buckler {AC+3}
rNeg    . . .      Spirit   .    c - +0 hat
rPois   .          Reflect  .    (no amulet)
rElec   .          Harm     .    (no ring)
rCorr   .          Rampage  .    (no ring)
Will    .....                    (no ring)
Stlth   +++                      (no ring)
HPRegen 0.22/turn                (no ring)
MPRegen 0.08/turn                (no ring)
                                 (no ring)
                                 (no ring)

@: no status effects
A: almost no armour, amphibious, 8 rings, camouflage 1, gelatinous body 1,
(nimble swimmer 1), tentacles
a: no special abilities


You were on level 1 of the Dungeon.
You visited 1 branch of the dungeon, and saw 1 of its levels.

You collected 3 gold pieces.

Inventory:

Hand Weapons
 a - a +0 dagger (weapon)
Armour
 c - a +0 hat (worn)
 e - a +0 buckler of protection (worn)
Scrolls
 d - a scroll of fear
 f - a scroll of teleportation {unknown}
Potions
 b - a potion of lignification


   Skills:
 + Level 0.4 Fighting
 - Level 1.0 Throwing
 + Level 0.4 Dodging
 - Level 2.6 Stealth
 + Level 3.1 Shields
 - Level 2.0 Unarmed Combat
 + Level 1.1 Spellcasting
 - Level 1.1 Evocations


You had 2 spell levels left.
You didn't know any spells.
Your spell library was empty.

Dungeon Overview and Level Annotations

Branches:
Dungeon (1/15)

Altars:


Innate Abilities, Weirdness & Mutations

You cannot wear most types of armour.
You are amphibious.
You can wear up to eight rings at the same time.
Your skin changes colour to match your surroundings (Stealth+).
Your rubbery body absorbs attacks. (AC +1, EV +1)
((You are camouflaged when in or above water. (Stealth+)))
You have tentacles for arms and can constrict up to eight enemies at once.


Message History

You are frozen.
You hit the endoplasm.
You kill the endoplasm!
You now have 3 gold pieces.
HP restored.
Found a stone staircase leading down.
An endoplasm comes into view.
An endoplasm is nearby!
Found 13 gold pieces.
The endoplasm freezes you.
You are frozen.
You hit the endoplasm but do no damage. You tentacle-slap the endoplasm.
The endoplasm is heavily wounded.
The endoplasm freezes you.
You are frozen.
* * * LOW HITPOINT WARNING * * *
You are too injured to fight recklessly!
You are too injured to fight recklessly!
You are too injured to fight recklessly!
You are too injured to fight recklessly!
You are too injured to fight recklessly!
You are too injured to fight recklessly!
You are too injured to fight recklessly!
You are too injured to fight recklessly!
You are too injured to fight recklessly!
You are too injured to fight recklessly!
You are too injured to fight recklessly!
You are too injured to fight recklessly!
You are too injured to fight recklessly!
You are too injured to fight recklessly!
You are too injured to fight recklessly!
You are too injured to fight recklessly!
You are too injured to fight recklessly!
You are too injured to fight recklessly!
You are too injured to fight recklessly!
You hit the endoplasm but do no damage.
The endoplasm is heavily wounded.
The endoplasm freezes you.
You are frozen.
You die...

#.####..####.#
#....# #.##.#
# #.##.##.##
#........#
#>.#.##..#
#..#.## .# #.
#..# # #. ##@#
# #J# ...
##.## #.# #$#
..# ###


You could see an endoplasm.

Vanquished Creatures
  2 endoplasms (D:1)
  A kobold (D:1)
  A quokka (D:1)
  A frilled lizard (D:1)
5 creatures vanquished.

Notes
Turn   | Place    | Note
-------+----------+-------------------------------------------
     0 | D:1      | omnomnOMINOUS the Octopode Wanderer began the quest for the
                  | Orb.
     0 | D:1      | omnomnOMINOUS set off with the following items: a +0
                  | dagger, a potion of lignification, a +0 hat, a scroll of
                  | fear, a +0 buckler of protection.
     0 | D:1      | Reached XP level 1. HP: 11/11 MP: 2/2
   110 | D:1      | Frozen to death by an endoplasm

Illustrated notes

Levels and vault maps discovered:
D:1:      dpeg_arrival_shelter, layout_loops_cross,
          chequers_ecumenical_altar_twisty

Action                     || total
---------------------------++-------
  Melee: Dagger            ||    13
         Constrict         ||     2
         Punch             ||     1
         Tentacles         ||     1
   Stab: Sleeping          ||     2
  Dodge: Dodged            ||     6
  Block: Buckler           ||     1

Table legend: (Time is in decaauts)
 A = Elapsed time spent in this place.
 B = Non-inter-level travel time spent in this place.
 C = Inter-level travel time spent in this place.
 D = Time resting spent in this place.
 E = Time spent auto-exploring this place.
 F = Levels seen in this place.
 G = Mean time per level.
                   A        B        C        D        E       F      G
               +--------+--------+--------+--------+--------+-----+--------+
         Total |    110 |    110 |      0 |      0 |     66 |   1 |  110.0 |
       Dungeon |    110 |    110 |      0 |      0 |     66 |   1 |  110.0 |
               +--------+--------+--------+--------+--------+-----+--------+

Top non-repeatable levels by time:
     D:1: 110 daAuts
